 Dungeon Crawl Stone Soup version 0.31-a0-256-g80acddb972 (webtiles) character file.

Game seed: 1673212040004747012

14868 IndexError the Fighter (level 11, -2/100 HPs)
             Began as a Black Draconian Shapeshifter on July 12, 2023.
             Was an Elder of Makhleb.
             Slain by a cane toad (14 damage)
             ... on level 10 of the Dungeon on July 13, 2023.
             The game lasted 00:21:54 (12427 turns).

IndexError the Fighter (DrSh)                      Turns: 12427, Time: 00:21:54

Health: -2/100     AC: 11    Str: 22    XL:     11   Next: 94%
Magic:  11/11      EV: 15    Int:  8    God:    Makhleb [****..]
Gold:   559        SH:  5    Dex: 12    Spells: 10/10 levels left

rFire   . .          .
                       - Unarmed
rCold   . . .        (no shield)
rNeg    . . .        (body armour unavailable)
rPois   .            T - melded +2 hat {Int+3}
rElec   +            F - melded +1 cloak {rCorr}
rCorr   .            o - melded +0 pair of gloves
SInv    .            J - melded +2 pair of boots
Will    +....        g - amulet of reflection
Stlth   +            k - ring of willpower
HPRegen 0.36/turn    I - +4 ring of protection
MPRegen 0.12/turn

%: reflection
@: lethally poisoned (-2 -> -21), beast-form
A: beast (slay +7), breathe lightning, AC +7, unfitting armour, electricity
resistance, cold-blooded
a: Breathe Lightning, Renounce Religion, Minor Destruction, Lesser Servant of
Makhleb, Major Destruction


You were on level 10 of the Dungeon.
You worshipped Makhleb.
Makhleb was greatly pleased with you.
You were a hulking beast.
You visited 3 branches of the dungeon, and saw 12 of its levels.

You collected 559 gold pieces.

Inventory:

Missiles
 K - 4 javelins
 L - a throwing net {=f, !d}
Armour
 i - a +0 kite shield
   (You found it on level 2 of the Dungeon)
 o - a +0 pair of gloves (melded)
   (You found it on level 4 of the Dungeon)
 A - a scarf of repulsion
   (You found it on level 4 of the Dungeon)
 D - a +0 tower shield
   (You found it on level 5 of the Dungeon)
 F - a +1 cloak of preservation (melded)
   (You took it off Crazy Yiuf on level 5 of the Dungeon)
 J - a +2 pair of boots (melded)
   (You found it on level 7 of the Dungeon)
 O - a +1 robe of resistance
   (You took it off Psyche on level 8 of the Dungeon)
 T - a +2 hat of intelligence (melded)
   (You took it off Gastronok on level 9 of the Dungeon)
Magical Staves
 h - a staff of fire {rF+}
   (You found it on level 1 of the Dungeon)
Jewellery
 e - an amulet of the acrobat
   (You found it on level 1 of the Dungeon)
 g - an amulet of reflection (around neck)
   (You found it on level 1 of the Dungeon)
 k - a ring of willpower (left hand)
   (You found it on level 3 of the Dungeon)
 B - a ring of flight {+Fly, !d}
   (You found it on level 5 of the Dungeon)
 I - a +4 ring of protection (right hand)
   (You took it off a kobold on level 7 of the Dungeon)
 S - an amulet of guardian spirit {Spirit}
   (You found it on level 9 of the Dungeon)
Talismans
 b - a beast talisman
Wands
 y - a wand of charming (3)
   (You found it on level 8 of the Dungeon)
 G - a wand of flame (17)
   (You found it on level 6 of the Dungeon)
 M - a wand of roots (7)
   (You took it off Maurice on level 8 of the Dungeon)
 N - a wand of polymorph (10)
   (You found it on level 8 of the Dungeon)
 V - a wand of mindburst (2)
   (You found it on level 10 of the Dungeon)
Scrolls
 f - 2 scrolls of silence {unknown}
 j - 4 scrolls of revelation {unknown}
 l - 3 scrolls of noise {unknown}
 m - 3 scrolls of poison {unknown}
 n - 7 scrolls of identify {unknown}
 q - 4 scrolls of amnesia {unknown}
 s - a scroll of brand weapon {unknown}
 t - 8 scrolls of teleportation {unknown}
 C - 2 scrolls of immolation {unknown}
 E - a scroll of enchant armour {unknown}
 P - a scroll of fear {unknown}
 R - a scroll of enchant weapon {unknown}
 U - a scroll of torment {unknown}
Potions
 a - a potion of lignification {!q}
 c - 2 potions of degeneration {unknown}
 d - 4 potions of heal wounds {unknown}
 p - 3 potions of might {unknown}
 r - 8 potions of curing
 u - 3 potions of magic {unknown}
 v - 3 potions of enlightenment {unknown}
 w - 3 potions of berserk rage {unknown}
 x - 2 potions of brilliance {unknown}
 z - a potion of haste {unknown}
 H - 2 potions of ambrosia {unknown}
 Q - a potion of attraction {unknown}


   Skills:
 + Level 10.3 Fighting
 + Level 8.6 Dodging
 - Level 10.0 Unarmed Combat
 - Level 10.0 Shapeshifting


You had 10 spell levels left.
You didn't know any spells.
Your spell library contained the following spells:

 Spells                   Type           Power      Damage    Failure   Level
 Apportation              Tloc           0%         N/A       41%         1
 Necrotise                Necr           0%         1d4       41%         1
 Summon Small Mammal      Summ           0%         N/A       41%         1
 Cigotuvi's Dreadful Rot  Necr/Pois/Air  0%         N/A       54%         2
 Dazzling Flash           Conj/Hex       0%         N/A       78%         3
 Inner Flame              Hex/Fire       0%         N/A       78%         3
 Vampiric Draining        Necr           0%         2d6       78%         3
 Volatile Blastmotes      Fire/Tloc      0%         2d10      78%         3
 Dispel Undead            Necr           0%         3d6       99%         4
 Agony                    Necr           0%         N/A       100%        5
 Yara's Violent Unravell  Hex/Tmut       0%         3d3       100%        5
 Death Channel            Necr           0%         N/A       100%        6
 Starburst                Conj/Fire      0%         6d3       100%        6
 Enfeeble                 Hex            0%         N/A       100%        7
 Maxwell's Capacitive Co  Air            0%         ∞         100%        8


Dungeon Overview and Level Annotations

Branches:
Dungeon (10/15)            Temple (1/1) D:6            Lair (1/5) D:10
    Orc: D:9-12

Altars:
Ashenzari
Cheibriados
Dithmenos
Elyvilon
Fedhas
Gozag
Hepliaklqana
Kikubaaqudgha
Makhleb
Nemelex Xobeh
Okawaru
Qazlal
Ru
Sif Muna
Trog
Uskayaw
Vehumet
Wu Jian
Xom
Yredelemnul
Zin
The Shining One

Annotations:
D:6 2 runed translucent doors, Opifex's ghost, novice AtHu


Innate Abilities, Weirdness & Mutations

You are a hulking beast.
Your limbs bulge with bestial killing power. (Slay +7)
You can breathe wild blasts of lightning.
Your glossy black scales are hard. (AC +7)
You cannot fit into any form of body armour.
You are resistant to electric shocks. (rElec)
You are cold-blooded and may be slowed by cold attacks.


Message History

You feel extremely sick.
You have turned to stone.
The cane toad stings you! x2
The cane toad stings you!! The cane toad stings you. The cane toad stings you!
The cane toad stings you but does no damage.
The cane toad stings you but does no damage.
The cane toad stings you! The cane toad stings you.
You have got your breath back.
The cane toad stings you!
The cane toad stings you but does no damage.
You turn to flesh and can move again.
There is a staircase to the Lair here.
You take 53 damage, and have 38/100 hp.
MASSIVE DAMAGE!!
Aiming: Mindburst
Press: ? - help, Shift-Dir - straight line, f - cane toad
Aim: a cane toad (chance to affect: 64%)
The cane toad's mind is blasted!!
You feel very sick. The cane toad closely misses you.
You take 4 damage, and have 34/100 hp.
Aiming: Mindburst
Press: ? - help, Shift-Dir - straight line, f/p - cane toad
Aim: a cane toad (heavily wounded, chance to affect: 64%)
The cane toad's mind is blasted!
You feel very sick. The cane toad misses you.
You take 3 damage, and have 31/100 hp.
Aiming: Mindburst
Press: ? - help, Shift-Dir - straight line, f/p - cane toad
Aim: a cane toad (almost dead, chance to affect: 64%)
The cane toad struggles to resist.
You feel sick. The cane toad barely misses you.
You take 1 damage, and have 30/100 hp.
Aiming: Mindburst
Press: ? - help, Shift-Dir - straight line, f/p - cane toad
Aim: a cane toad (almost dead, chance to affect: 64%)
The cane toad's mind is blasted!
Makhleb accepts your kill.
You feel better.
You feel sick.
You regained 2 hp, and now have 32/100 hp.
You feel sick.
You take 1 damage, and have 31/100 hp.
You feel sick.
You take 1 damage, and have 30/100 hp.
You feel sick.
You take 1 damage, and have 29/100 hp.
You feel sick.
You feel sick.
You take 1 damage, and have 28/100 hp.
You feel sick.
You take 1 damage, and have 27/100 hp.
You feel sick.
You are no longer poisoned.
HP restored.
Done exploring.
Health restored: 100 Done exploring.
You climb downwards.
Welcome back to the Lair of Beasts!
The cane toad stings you!
You are poisoned.
The cane toad poisons you! The elephant tramples you.
You hold your ground!
The elephant trunk-slaps you.
There is a staircase back to the Dungeon, spattered with blood here.
You take 22 damage, and have 78/100 hp.
MASSIVE DAMAGE!!
You feel very sick. You block the cane toad's attack.
The elephant tramples you but does no damage.
The elephant trunk-slaps you.
The basilisk bites you but does no damage.
The cane toad stings you.
You climb upwards.
Welcome back to the Dungeon!
You feel very sick.
There is a staircase to the Lair here.
You take 17 damage, and have 61/100 hp.
You closely miss the basilisk.
You feel sick. The basilisk bites you. The elephant tramples you.
You hold your ground!
The elephant barely misses you. The cane toad barely misses you.
You take 10 damage, and have 51/100 hp.
You closely miss the basilisk.
You punch the basilisk, but do no damage.
You feel sick. You block the basilisk's attack. The elephant tramples you!
You hold your ground!
The elephant trunk-slaps you but does no damage.
The cane toad stings you.
You take 15 damage, and have 36/100 hp.
You hit the basilisk.
You feel sick. The cane toad stings you.
* * * LOW HITPOINT WARNING * * *
You are more poisoned.
The cane toad poisons you! The basilisk closely misses you.
The elephant tramples you!
* * * LOW HITPOINT WARNING * * *
You hold your ground!
The elephant barely misses you.
You take 19 damage, and have 17/100 hp.
You barely miss the basilisk.
* * * LOW HITPOINT WARNING * * *
You feel very sick. The cane toad stings you!
You die...

#.......#...........#..
##..P.......##.....##..
##.P.P....P.#########..
#P..P........#.........
##..P.P.................
#..P.P.P................
##.....####..P......#####
#...P..#Yl[...P.#######..
#..P...#hF#..P.......#...
#..P...####..........'...
#....P.......P.......#...
#.#........P.........#...
#........P...........#...
##......P.P...########'##
###..........##....##.##
##....#######.....>>.#
###### #.........#


You could see an elephant, a cane toad and a basilisk.

Vanquished Creatures
  Gastronok (D:9)
  Erica (D:8)
  A two-headed ogre (D:9)
  A deep elf pyromancer (D:10)
  An ugly thing (D:9)
  A cyclops (D:9)
  Maurice (D:8)
  Joseph (D:7)
  Psyche (D:8)
  A cane toad (D:10)
  2 gargoyles
  Prince Ribbit (D:7)
  Grinder (D:5)
  A shadow (D:10)
  27 yaks
  Grum (D:8)
  A water moccasin (D:6)
  A sky beast (D:8)
  4 orc warriors
  Duvessa (D:7)
  3 black bears
  Pargi (D:3)
  3 ice beasts
  2 ogres
  2 wolves (D:8)
  2 centaurs (D:10)
  A phantom (D:7)
  2 kobold brigands
  4 bullfrogs
  A gnoll sergeant (D:9)
  5 scorpions
  15 wights
  Dowan (D:7)
  7 killer bees
  A howler monkey (D:7)
  2 hounds
  A jelly (D:7)
  Crazy Yiuf (D:5)
  2 sleepcaps
  2 gnoll boudas
  10 orc priests
  2 iguanas
  12 orc wizards
  17 gnolls
  11 adders
  A shadow imp (D:6)
  2 white imps (D:6)
  3 worms (D:2)
  39 orcs
  7 bats
  6 endoplasms
  A giant cockroach (D:4)
  10 goblins
  4 hobgoblins
  3 jackals (D:2)
  10 kobolds
  4 quokkas
  5 ball pythons
  3 frilled lizards
  4 rats
  A spectral orc (D:10)
263 creatures vanquished.

Vanquished Creatures (others)
  A wolf (D:8)
1 creature vanquished.

Grand Total: 264 creatures vanquished

Notes
Turn   | Place    | Note
-------+----------+-------------------------------------------
     0 | D:1      | IndexError the Draconian Shapeshifter began the quest for
                  | the Orb.
     0 | D:1      | Reached XP level 1. HP: 17/17 MP: 1/1
   208 | D:1      | Reached XP level 2. HP: 24/24 MP: 2/2
   931 | D:2      | Reached XP level 3. HP: 29/29 MP: 3/3
   974 | D:2      | Reached skill level 3 in Unarmed Combat
  1284 | D:2      | Found a sparkling altar of Nemelex Xobeh.
  1298 | D:2      | Reached XP level 4. HP: 27/36 MP: 4/4
  1536 | D:3      | Noticed Pargi
  1895 | D:3      | Killed Pargi
  1896 | D:3      | Reached skill level 4 in Unarmed Combat
  1896 | D:3      | Reached skill level 4 in Shapeshifting
  1896 | D:3      | Reached XP level 5. HP: 41/41 MP: 5/5
  2234 | D:4      | Noticed a black bear
  2245 | D:4      | Killed a black bear
  2246 | D:4      | Reached XP level 6. HP: 42/48 MP: 6/6
  2555 | D:4      | Reached skill level 5 in Unarmed Combat
  2675 | D:4      | Reached skill level 5 in Shapeshifting
  2998 | D:4      | Your scales start taking on a glossy black colour.
  2998 | D:4      | Reached XP level 7. HP: 55/55 MP: 7/7
  2998 | D:4      | Gained mutation: You are resistant to electric shocks.
                  | (rElec) [Black Draconian growth]
  3209 | D:5      | Entered Level 5 of the Dungeon
  3771 | D:5      | Reached skill level 6 in Unarmed Combat
  4292 | D:5      | Found a runed translucent door.
  4293 | D:5      | Noticed Crazy Yiuf
  4793 | D:5      | Killed Crazy Yiuf
  4926 | D:5      | Upgraded the game from 0.31-a0-240-gb923e448b6 to
                  | 0.31-a0-256-g80acddb972
  4961 | D:6      | Noticed Grinder
  4984 | D:4      | Reached skill level 6 in Shapeshifting
  5058 | D:5      | Killed Grinder
  5059 | D:5      | Reached XP level 8. HP: 54/61 MP: 8/8
  5091 | D:6      | Reached skill level 7 in Unarmed Combat
  5252 | D:6      | Found a runed translucent door.
  5253 | D:6      | Noticed Opifex's ghost (novice AtHu)
  5353 | D:6      | Reached skill level 7 in Shapeshifting
  5487 | D:6      | Reached skill level 8 in Unarmed Combat
  5605 | D:6      | Found a runed translucent door.
  5694 | D:6      | Found an ornate altar of the Wu Jian Council.
  6010 | D:6      | Found a staircase to the Ecumenical Temple.
  6016 | Temple   | Entered the Ecumenical Temple
  6189 | Temple   | Became a worshipper of Makhleb the Destroyer
  6291 | D:7      | Noticed Prince Ribbit
  6298 | D:7      | Noticed Joseph
  6303 | D:7      | Killed Prince Ribbit
  6439 | D:7      | Reached XP level 9. HP: 67/67 MP: 9/9
  6573 | D:7      | Killed Joseph
  6608 | D:7      | Reached skill level 9 in Unarmed Combat
  6688 | D:7      | Reached skill level 8 in Shapeshifting
  6736 | D:7      | Found a snail-covered altar of Cheibriados.
  6740 | D:7      | Noticed Duvessa
  6809 | D:7      | Noticed Dowan
  6892 | D:7      | Killed Dowan
  6961 | D:7      | Reached * piety under Makhleb
  7432 | D:7      | Killed Duvessa
  7846 | D:8      | Noticed Maurice
  7857 | D:8      | Killed Maurice
  7858 | D:8      | Reached skill level 10 in Unarmed Combat
  7858 | D:8      | Reached skill level 9 in Shapeshifting
  8170 | D:7      | HP: 14/67 [poisoned by an orc warrior]
  8175 | D:7      | HP: 10/67 [poisoned by an orc warrior]
  8479 | D:8      | Noticed Grum
  8479 | D:8      | Noticed Psyche
  8491 | D:8      | Reached XP level 10. HP: 57/73 MP: 10/10
  8494 | D:8      | Killed Psyche
  8501 | D:8      | Killed Grum
  8505 | D:8      | Reached skill level 10 in Shapeshifting
  8588 | D:8      | Reached skill level 2 in Dodging
  8796 | D:8      | Reached skill level 3 in Fighting
  8799 | D:8      | Noticed a gargoyle
  8801 | D:8      | Reached ** piety under Makhleb
  8810 | D:8      | Killed a gargoyle
  8877 | D:8      | Reached skill level 3 in Dodging
  9253 | D:9      | Noticed Erica
  9264 | D:8      | Killed Erica
  9265 | D:8      | Reached skill level 4 in Fighting
  9425 | D:9      | Reached skill level 4 in Dodging
  9427 | D:9      | Identified the +1 robe of Zachaidu {Dex+3}
  9452 | D:8      | Reached skill level 5 in Fighting
  9639 | D:9      | Reached skill level 6 in Fighting
  9639 | D:9      | Reached skill level 5 in Dodging
  9852 | D:9      | Noticed a cyclops
  9864 | D:9      | Noticed a two-headed ogre
  9865 | D:9      | Killed a cyclops
  9872 | D:9      | Killed a two-headed ogre
  9872 | D:9      | Reached *** piety under Makhleb
  9873 | D:9      | Reached skill level 7 in Fighting
  9873 | D:9      | Reached XP level 11. HP: 55/92 MP: 11/11
 10075 | D:9      | Reached skill level 6 in Dodging
 10299 | D:9      | Reached skill level 8 in Fighting
 10373 | D:9      | Found an iron altar of Okawaru.
 10472 | D:9      | Noticed Gastronok
 10504 | D:9      | HP: 23/94 [Gastronok (23)]
 10509 | D:9      | Killed Gastronok
 10510 | D:9      | Reached skill level 7 in Dodging
 10996 | D:10     | Entered Level 10 of the Dungeon
 11035 | D:10     | Noticed a red ugly thing
 11151 | D:10     | Reached skill level 9 in Fighting
 11297 | D:10     | Reached **** piety under Makhleb
 11313 | D:10     | Reached skill level 8 in Dodging
 11383 | D:10     | Noticed a deep elf pyromancer
 11399 | D:9      | Killed a red ugly thing
 11696 | D:10     | Reached skill level 10 in Fighting
 11767 | D:10     | Found a staircase to the Lair.
 11894 | D:10     | Found a shimmering blue altar of Sif Muna.
 12016 | D:10     | Found a hazy altar of Hepliaklqana.
 12027 | D:10     | Killed a deep elf pyromancer
 12190 | Lair:1   | Entered Level 1 of the Lair of Beasts
 12426 | D:10     | HP: 17/100 [elephant (13)]
 12427 | D:10     | Slain by a cane toad

Illustrated notes

Levels and vault maps discovered:
D:1:      minmay_arrival_arboretum_small, layout_loops_ring, serial_forest,
          infiniplex_forest_lined_1, infiniplex_forest_straight_2,
          infiniplex_forest_clump_long, infiniplex_forest_clump_curved,
          infiniplex_forest_clump_small, infiniplex_forest_lined_corner,
          infiniplex_forest_straight_2, infiniplex_forest_clump_double,
          serial_bayou_pond_c
D:2:      layout_rooms, basic_altar
D:3:      layout_loops_cross, uniq_pargi
D:4:      kennysheep_big_flooded_room, layout_basic, interstate_on_off,
          amcnicky_mini_pool_small
D:5:      layout_layer_cave, minmay_misc_feat_cross, grunt_decor_cap,
          uniq_crazy_yiuf_cottage
D:6:      layout_basic, general_overflow_altar, minmay_temple_entry_nine_rooms,
          serial_glass, glass_columns_c, glass_columns_a, glass_columns_b,
          glass_columns_a, due_unseen_surprise, feat_on_display,
          ebering_ghost_sewer_f, uniq_grinder
D:7:      layout_loops_ring, mainiacjoe_overflow_concentric_impassable,
          enter_bailey_2, uniq_prince_ribbit1, uniq_duvessa, uniq_joseph
D:8:      layout_loops_ring, serial_bayou_crossing, uniq_psyche, uniq_maurice,
          uniq_grum
D:9:      layout_long_grid, kennysheep_little_box, minmay_sticks_and_stones,
          uniq_gastronok, uniq_erica
D:10:     layout_gridville, kennysheep_mini_moat,
          nicolae_hepliaklqana_monster_ancestors, grunt_lair_entry_orc_guard_hut
Temple:   minmay_crystal_spiral_temple
Lair:1:   layout_concentric_octagons

Skill      XL: |  1  2  3  4  5  6  7  8  9 10 11 |
---------------+----------------------------------+-----
Unarmed Combat | 3 4 5 6 8 10 | 10.0
Shapeshifting  | 4 5 6 7 9 10 | 10.0
Dodging        | 5 8 |  8.6
Fighting       | 7 10 | 10.3

Action                     |  1- 3 |  4- 6 |  7- 9 | 10-12 || total
---------------------------+-------+-------+-------+-------++-------
  Melee: Unarmed           |   103 |   103 |   275 |   328 ||   809
         Tailslap          |    13 |    18 |    45 |    66 ||   142
         Punch             |     3 |     1 |    19 |    24 ||    47
Ability: Breathe Lightning |       |       |     4 |     6 ||    10
  Evoke: Wand              |       |       |       |     4 ||     4
    Use: Potion            |       |     1 |       |       ||     1
   Stab: Sleeping          |     2 |       |       |       ||     2
 Armour: Skin              |    32 |    30 |    42 |    45 ||   149
  Dodge: Dodged            |    74 |    38 |   132 |   133 ||   377
  Block: Kite shield       |       |    54 |     1 |       ||    55
         Other             |       |       |    50 |    53 ||   103
         Reflection        |       |       |     1 |     3 ||     4
         Form:             |     1 |     3 |       |     3 ||     7
         Beast             |     1 |     3 |       |     3 ||     7

Table legend: (Time is in decaauts)
 A = Elapsed time spent in this place.
 B = Non-inter-level travel time spent in this place.
 C = Inter-level travel time spent in this place.
 D = Time resting spent in this place.
 E = Time spent auto-exploring this place.
 F = Levels seen in this place.
 G = Mean time per level.
                   A        B        C        D        E       F      G
               +--------+--------+--------+--------+--------+-----+--------+
         Total |  12369 |  11379 |    990 |    172 |   9109 |  12 | 1030.8 |
       Dungeon |  12150 |  11244 |    906 |    172 |   9002 |  10 | 1215.0 |
        Temple |    210 |    126 |     84 |      0 |    107 |   1 |  210.0 |
          Lair |      8 |      8 |      0 |      0 |      0 |   1 |    8.0 |
               +--------+--------+--------+--------+--------+-----+--------+

Top non-repeatable levels by time:
     D:5: 1793 daAuts
     D:9: 1542 daAuts
     D:7: 1505 daAuts
     D:8: 1424 daAuts
     D:6: 1365 daAuts
    D:10: 1160 daAuts
     D:4: 959 daAuts
     D:3: 857 daAuts
     D:1: 851 daAuts
     D:2: 689 daAuts
  Temple: 210 daAuts
  Lair:1: 8 daAuts

Levels and vault maps discovered:
D:1:      minmay_arrival_arboretum_small, layout_loops_ring, serial_forest,
          infiniplex_forest_lined_1, infiniplex_forest_straight_2,
          infiniplex_forest_clump_long, infiniplex_forest_clump_curved,
          infiniplex_forest_clump_small, infiniplex_forest_lined_corner,
          infiniplex_forest_straight_2, infiniplex_forest_clump_double,
          serial_bayou_pond_c
D:2:      layout_rooms, basic_altar
D:3:      layout_loops_cross, uniq_pargi
D:4:      kennysheep_big_flooded_room, layout_basic, interstate_on_off,
          amcnicky_mini_pool_small
D:5:      layout_layer_cave, minmay_misc_feat_cross, grunt_decor_cap,
          uniq_crazy_yiuf_cottage
D:6:      layout_basic, general_overflow_altar, minmay_temple_entry_nine_rooms,
          serial_glass, glass_columns_c, glass_columns_a, glass_columns_b,
          glass_columns_a, due_unseen_surprise, feat_on_display,
          ebering_ghost_sewer_f, uniq_grinder
D:7:      layout_loops_ring, mainiacjoe_overflow_concentric_impassable,
          enter_bailey_2, uniq_prince_ribbit1, uniq_duvessa, uniq_joseph
D:8:      layout_loops_ring, serial_bayou_crossing, uniq_psyche, uniq_maurice,
          uniq_grum
D:9:      layout_long_grid, kennysheep_little_box, minmay_sticks_and_stones,
          uniq_gastronok, uniq_erica
D:10:     layout_gridville, kennysheep_mini_moat,
          nicolae_hepliaklqana_monster_ancestors, grunt_lair_entry_orc_guard_hut
Temple:   minmay_crystal_spiral_temple
Lair:1:   layout_concentric_octagons

Table legend: (Time is in decaauts)
 A = Elapsed time spent in this place.
 B = Non-inter-level travel time spent in this place.
 C = Inter-level travel time spent in this place.
 D = Time resting spent in this place.
 E = Time spent auto-exploring this place.
 F = Levels seen in this place.
 G = Mean time per level.
                   A        B        C        D        E       F      G
               +--------+--------+--------+--------+--------+-----+--------+
         Total |  12369 |  11379 |    990 |    172 |   9109 |  12 | 1030.8 |
       Dungeon |  12150 |  11244 |    906 |    172 |   9002 |  10 | 1215.0 |
        Temple |    210 |    126 |     84 |      0 |    107 |   1 |  210.0 |
          Lair |      8 |      8 |      0 |      0 |      0 |   1 |    8.0 |
               +--------+--------+--------+--------+--------+-----+--------+

Top non-repeatable levels by time:
     D:5: 1793 daAuts
     D:9: 1542 daAuts
     D:7: 1505 daAuts
     D:8: 1424 daAuts
     D:6: 1365 daAuts
    D:10: 1160 daAuts
     D:4: 959 daAuts
     D:3: 857 daAuts
     D:1: 851 daAuts
     D:2: 689 daAuts
  Temple: 210 daAuts
  Lair:1: 8 daAuts

Table legend:
 A = Kills in this place as a percentage of kills in the entire game.
 B = Kills by you in this place as a percentage of kills by you in the entire game.
 C = Kills by friends in this place as a percentage of kills by friends in the entire game.
 D = Other kills in this place as a percentage of other kills in the entire game.
 E = Experience gained in this place as a percentage of experience gained in the entire game.
 F = Experience gained in this place divided by the number of levels of this place that you have seen.
                   A       B       C       D       E      F
               +-------+-------+-------+-------+-------+----------------------
         Total | 100.0 | 100.0 |   N/A | 100.0 | 100.0 | 1770.0
       Dungeon | 100.0 | 100.0 |   N/A | 100.0 | 100.0 | 2124.0
               +-------+-------+-------+-------+-------+----------------------
